 Dungeon Crawl Stone Soup version 0.26-a0-639-g72c4674329 (webtiles) character file.

Game seed: 9094583918240609727

124 DogServant the Bolt Thrower (level 4, -1/41 HPs)
             Began as a Minotaur Hunter on Sept 15, 2020.
             Splashed by Ijyb's acid (10 damage)
             ... on level 4 of the Dungeon.
             The game lasted 00:01:53 (1590 turns).

DogServant the Bolt Thrower (Minotaur Hunter)       Turns: 1590, Time: 00:01:53

Health: -1/41      AC: -1    Str: 18    XL:     4   Next: 81%
Magic:  0/3        EV: 12    Int:  8    God:
Gold:   58         SH:  0    Dex: 16    Spells: 3/3 levels left

rFire    . . .     SeeInvis .   a - +1 hand crossbow
rCold    . . .     Faith    .   (no shield)
rNeg     . . .     Spirit   +   c - +0 leather armour
rPois    .         Reflect  .   (helmet restricted)
rElec    .         Harm     .   (no cloak)
rCorr    .         Rampage  .   (no gloves)
MR       .....                  (no boots)
Stlth    +.........             i - amulet of guardian spirit
HPRegen  0.13/turn              e - +6 ring of dexterity
MPRegen  0.08/turn              (no ring)

@: corroded
A: retaliatory headbutt, horns 2
a: no special abilities


You were on level 4 of the Dungeon.
You visited 1 branch of the dungeon, and saw 3 of its levels.

You collected 58 gold pieces.

Inventory:

Hand Weapons
 a - a +1 hand crossbow (weapon)
 b - a +0 short sword
 l - a +1 dagger of venom
Missiles
 d - 12 bolts (quivered)
Armour
 c - a +0 leather armour (worn)
Jewellery
 e - a +6 ring of dexterity (left hand)
 i - an amulet of guardian spirit (around neck)
Scrolls
 h - a scroll of immolation {unknown}
 k - a scroll of remove curse {unknown}
Potions
 f - a potion of flight {unknown}
 g - a potion of might {unknown}
 j - a potion of curing {unknown}
 m - a potion of ambrosia {unknown}
 n - a potion of magic {unknown}


   Skills:
 + Level 4.6 Fighting
 + Level 5.7 Crossbows
 - Level 2.1 Dodging
 - Level 0.7 Stealth


You had 3 spell levels left.
You didn't know any spells.
Your spell library was empty.

Dungeon Overview and Level Annotations

Branches:
Dungeon (2/15)

Altars:

Annotations:
D:4 Ijyb


Innate Abilities, Weirdness & Mutations

You reflexively headbutt those who attack you in melee.
You have a pair of horns on your head.


Message History

You shoot a bolt. The bolt hits Ijyb but does no damage.
A jackal comes into view.
Ijyb screams, "Me kill you!"
A jackal comes into view.
Firing (i - inventory)
d - 14 bolts (quivered)
Press: ? - help, Shift-Dir - straight line, f/p - Ijyb
Aim: Ijyb, wearing a +0 chain mail and carrying a wand of acid (11)
You shoot a bolt. The jackal barks!
The bolt hits Ijyb.
Ijyb is lightly wounded.
Firing (i - inventory)
d - 13 bolts (quivered)
Press: ? - help, Shift-Dir - straight line, f/p - Ijyb
Aim: Ijyb, wearing a +0 chain mail and carrying a wand of acid (11) (lightly wounded)
You shoot a bolt. The bolt closely misses Ijyb.
Ijyb screams, "It's all mine!"
Ijyb zaps a wand.
The bolt of acid hits you!!
* * * LOW HITPOINT WARNING * * *
The acid corrodes you!
You are splashed with acid!
You die...

.. #.# # ...
###.###.###
......(h..#
#...#.g#.#
?#......#.#
.##.......@.#
....##$.#(###
#......#(#
#...#..#.#
#.s....#.#
....###.†.#
### #...#
#.(># #####


You could see Ijyb and a jackal.

Vanquished Creatures
  A scorpion (D:4)
  A worker ant (D:4)
  A gnoll (D:1)
  An adder (D:2)
  An ooze (D:1)
  A dart slug (D:1)
  A leopard gecko (D:1)
  A ball python (D:1)
  A giant cockroach (D:1)
  3 goblins (D:1)
  5 hobgoblins
  2 jackals (D:4)
  2 kobolds (D:1)
  3 bats (D:1)
  A frilled lizard (D:1)
  4 rats
29 creatures vanquished.

Notes
Turn   | Place    | Note
-------+----------+-------------------------------------------
     0 | D:1      | DogServant the Minotaur Hunter began the quest for the Orb.
     0 | D:1      | Reached XP level 1. HP: 18/18 MP: 0/0
   124 | D:1      | Reached XP level 2. HP: 9/26 MP: 1/1
   534 | D:1      | Reached XP level 3. HP: 20/31 MP: 2/2
   538 | D:1      | Reached skill level 5 in Crossbows
  1523 | D:2      | You fall into a shaft and drop 2 floors!
  1529 | D:4      | Reached XP level 4. HP: 30/40 MP: 3/3
  1585 | D:4      | Noticed Ijyb
  1590 | D:4      | Splashed by Ijyb's acid

Illustrated notes

Levels and vault maps discovered:
D:1:      psy_arrival_fountain, layout_loops_ring, minmay_tripent
D:2:      layout_loops_corners
D:4:      layout_basic, serial_shops, shop, minmay_circle_x, uniq_ijyb

Skill      XL: |  1  2  3 |
---------------+----------+-----
Fighting       | 3 4 |  4.6
Crossbows      | 5 |  5.7
Dodging        | |  2.1
Stealth        | |  0.7

Action                   |  1- 3 |  4- 6 || total
-------------------------+-------+-------++-------
Melee: Short sword       |    61 |       ||    61
       Headbutt          |    12 |       ||    12
       Dagger            |    15 |       ||    15
 Fire: Hand crossbow     |     1 |     8 ||     9
Armor: Leather armour    |    19 |       ||    19
Dodge: Dodged            |    47 |     4 ||    51

Table legend: (Time is in decaauts)
 A = Elapsed time spent in this place.
 B = Non-inter-level travel time spent in this place.
 C = Inter-level travel time spent in this place.
 D = Time resting spent in this place.
 E = Time spent auto-exploring this place.
 F = Levels seen in this place.
 G = Mean time per level.
                   A        B        C        D        E       F      G
               +--------+--------+--------+--------+--------+-----+--------+
         Total |   1595 |   1541 |     54 |     45 |   1283 |   3 |  531.7 |
       Dungeon |   1595 |   1541 |     54 |     45 |   1283 |   3 |  531.7 |
               +--------+--------+--------+--------+--------+-----+--------+

Top non-repeatable levels by time:
     D:1: 1349 daAuts
     D:2: 177 daAuts
     D:4: 67 daAuts
